 Dungeon Crawl Stone Soup version 0.28-a0-1560-g060a6a1bfc (webtiles) character file.

Game seed: 14868827263608357911

93 Lekart the Chopper (level 4, -3/31 (40) HPs)
             Began as a Draconian Chaos Knight on Jan 19, 2022.
             Was a Plaything of Xom.
             Slain by a necrophage (6 damage)
             ... on level 3 of the Dungeon.
             The game lasted 00:04:02 (2375 turns).

Lekart the Chopper (Draconian Chaos Knight)         Turns: 2375, Time: 00:04:03

HP:   -3/31 (40)    AC:  5    Str: 14    XL:     4   Next: 37%
MP:   4/4           EV: 13    Int: 12    God:    Xom [*.....]
Gold: 68            SH:  0    Dex: 13    Spells: 3/3 levels left

rFire   . . .      SeeInvis .   a - +0 hand axe (chaos)
rCold   . . .      Faith    .   (no shield)
rNeg    . . .      Spirit   .   (armour unavailable)
rPois   .          Reflect  .   (helmet restricted)
rElec   .          Harm     .   (no cloak)
rCorr   .          Rampage  .   (no gloves)
Will    .....                   (no boots)
Stlth   +.........              (no amulet)
HPRegen 0.10/turn               (no ring)
MPRegen 0.09/turn               (no ring)

@: heavily drained
A: AC +5, unfitting armour, cold-blooded
a: Renounce Religion


You were on level 3 of the Dungeon.
You worshipped Xom.
You were a special plaything of Xom.
You visited 1 branch of the dungeon, and saw 3 of its levels.

You collected 68 gold pieces.

Inventory:

Hand Weapons
 a - a +0 hand axe of chaos (weapon)
Jewellery
 d - a +4 ring of protection
Scrolls
 b - a scroll of immolation
Potions
 e - a potion of cancellation
 f - 2 potions of flight
 g - a potion of might
 h - a potion of heal wounds {unknown}
 i - a potion of haste {unknown}


   Skills:
 + Level 3.8 Fighting
 + Level 4.0 Axes
 * Level 3.2 Dodging


You had 3 spell levels left.
You didn't know any spells.
Your spell library contained the following spells:

 Spells                   Type           Power      Damage    Failure   Level
 Corpse Rot               Necr/Air       0%         N/A       45%         2
 Poisonous Vapours        Pois/Air       0%         N/A       45%         2
 Tukima's Dance           Hex            0%         N/A       69%         3
 Passage of Golubria      Tloc           0%         N/A       97%         4
 Yara's Violent Unravell  Hex/Tmut       0%         3d3       100%        5


Dungeon Overview and Level Annotations

Branches:
Dungeon (3/15)

Altars:
Ru


Innate Abilities, Weirdness & Mutations

Your plain brown scales are hard. (AC +5)
You cannot fit into any form of body armour.
You are cold-blooded and may be slowed by cold attacks.


Message History

The necrophage is moderately damaged.
The necrophage hits you.
You feel drained.
You hit the necrophage.
The necrophage is heavily damaged.
The necrophage closely misses you.
You hit the necrophage.
The necrophage is heavily damaged.
The necrophage hits you.
You feel drained.
You closely miss the necrophage.
Your tail-slap misses the necrophage.
The necrophage is heavily damaged.
The necrophage hits you but does no damage.
You closely miss the necrophage.
The necrophage is heavily damaged.
The necrophage hits you but does no damage.
You hit the necrophage.
The necrophage seems to grow stronger.
Xom thinks this is hilarious!
The necrophage is heavily damaged.
The necrophage hits you!
You feel drained.
You barely miss the necrophage.
You tail-slap the necrophage, but do no damage.
The necrophage is heavily damaged.
The necrophage hits you but does no damage.
You hit the necrophage.
The necrophage seems to speed up.
The necrophage is severely damaged.
The necrophage hits you.
You feel drained. The necrophage hits you.
* * * LOW HITPOINT WARNING * * *
You feel drained.
* * * LOW HITPOINT WARNING * * *
You hit the necrophage. You tail-slap the necrophage.
The necrophage is severely damaged.
The necrophage closely misses you. The necrophage hits you.
* * * LOW HITPOINT WARNING * * *
You closely miss the necrophage.
The necrophage is severely damaged.
The necrophage misses you.
You hit the necrophage.
The necrophage is severely damaged.
The necrophage hits you.
You die...
Xom laughs nastily!

≈≈≈≈.##.........#
≈≈≈≈..#†#.#####.
. ..........#
..###.#.#.#
.....#.#
###.###.##
#.........#
#####n##### #@#
#.# #.# #....#
.###.# ## #


You could see a necrophage (fast, strong).

Vanquished Creatures
  4 gnolls
  A worm (D:2)
  3 dart slugs
  7 bats
  3 endoplasms
  4 giant cockroaches
  A goblin (D:1)
  3 hobgoblins
  10 kobolds
  2 quokkas (D:1)
  4 ball pythons
  A frilled lizard (D:1)
  4 rats
47 creatures vanquished.

Notes
Turn   | Place    | Note
-------+----------+-------------------------------------------
     0 | D:1      | Lekart the Draconian Chaos Knight began the quest for the
                  | Orb.
     0 | D:1      | Reached XP level 1. HP: 19/19 MP: 1/1
   266 | D:1      | XOM: butterfly on damage
   273 | D:1      | Reached XP level 2. HP: 13/26 MP: 2/2
   649 | D:1      | XOM: confuse monster(s)
   835 | D:1      | XOM: silly message
   938 | D:1      | Reached XP level 3. HP: 31/31 MP: 3/3
  1133 | D:2      | XOM: enchant monster (bad)
  1463 | D:2      | Found a sacrificial altar of Ru.
  1905 | D:2      | XOM: noise
  2020 | D:1      | Reached XP level 4. HP: 21/40 MP: 4/4
  2178 | D:2      | Reached skill level 4 in Axes
  2358 | D:3      | Noticed a necrophage
  2359 | D:3      | XOM: swap monsters
  2375 | D:3      | Slain by a necrophage

Illustrated notes

Levels and vault maps discovered:
D:1:      lordsloth_arrival_two_stooges, layout_basic,
          minmay_misc_feat_four_crosses
D:2:      layout_rooms, basic_altar
D:3:      layout_loops_corners, mainiacjoe_overflow_six_doors_small,
          nicolae_wu_jian_glorious_leap, xom_teletrap_fun,
          gammafunk_ghost_gnarly_gnolls, gup_sewer_entry_bowl, minmay_between

Skill      XL: |  1  2  3  4 |
---------------+-------------+-----
Dodging        | 3 |  3.2
Axes           | 4 |  4.0
Fighting       | |  3.8

Action                   |  1- 3 |  4- 6 || total
-------------------------+-------+-------++-------
Melee: Hand axe          |   143 |    22 ||   165
       Tailslap          |    14 |     3 ||    17
       Punch             |     1 |       ||     1
  Use: Scroll            |     4 |       ||     4
 Stab: Confused          |     1 |       ||     1
       Sleeping          |     1 |     1 ||     2
       Paralysed         |     1 |       ||     1
Armor: Skin              |    91 |     5 ||    96
Dodge: Dodged            |    97 |     8 ||   105

Table legend: (Time is in decaauts)
 A = Elapsed time spent in this place.
 B = Non-inter-level travel time spent in this place.
 C = Inter-level travel time spent in this place.
 D = Time resting spent in this place.
 E = Time spent auto-exploring this place.
 F = Levels seen in this place.
 G = Mean time per level.
                   A        B        C        D        E       F      G
               +--------+--------+--------+--------+--------+-----+--------+
         Total |   2401 |   2339 |     62 |    611 |   1203 |   3 |  800.3 |
       Dungeon |   2401 |   2339 |     62 |    611 |   1203 |   3 |  800.3 |
               +--------+--------+--------+--------+--------+-----+--------+

Top non-repeatable levels by time:
     D:1: 1576 daAuts
     D:2: 790 daAuts
     D:3: 34 daAuts
